BSA
SO CAL BRUINS @ KENILWORTH ACES
07/20/2030
 
TOP OF THE 1ST
So Cal Bruins batting - Pitching for Kenilworth Aces : RHP Erwin Entwistle
Pitching: RHP Erwin Entwistle
Batting: RHB Dani Vázquez 0-0: Ball
1-0: Ground out 6-3 (Groundball, 6)
Batting: LHB Jesús Campos 0-0: Ball
1-0: Called Strike
1-1: Foul Ball, location: 2F
1-2: Ball
2-2: Ground out U3 (Groundball, 34)
Batting: LHB José Antonio Santiago 0-0: Ball
1-0: Swinging Strike
1-1: Fly out, F8 (Line Drive, 8LXD)
Top of the 1st over - 0 runs, 0 hits, 0 errors, 0 left on base; So Cal 0 - Kenilworth 0
BOTTOM OF THE 1ST
Kenilworth Aces batting - Pitching for So Cal Bruins : RHP Riley Johnston
Pitching: RHP Riley Johnston
Batting: RHB Jorge Jiménez 0-0: Reached on error, E3 (Groundball, 34)
Batting: LHB Santiago Márquez 0-0: 2-RUN HOME RUN (Flyball, 9D), Distance : 384 ft
Batting: LHB Barrett Waters 0-0: Foul Ball, location: 2F
0-1: Called Strike
0-2: Strikes out swinging
Batting: LHB Roy Patrick 0-0: Ball
1-0: Fly out, F7 (Flyball, 7LSF)
Batting: SHB Julián Madrid 0-0: Called Strike
0-1: SINGLE (Groundball, 6MD)
Batting: RHB Andrés Lara 0-0: Ball
1-0: Called Strike
1-1: Called Strike
1-2: Ball
2-2: Fly out, F9 (Flyball, 89M)
Bottom of the 1st over - 2 runs, 2 hits, 1 error, 1 left on base; So Cal 0 - Kenilworth 2
TOP OF THE 2ND
So Cal Bruins batting - Pitching for Kenilworth Aces : RHP Erwin Entwistle
Batting: RHB Earl Wiggins 0-0: Ball
1-0: Called Strike
1-1: Fly out, F8 (Flyball, 8LD)
Batting: SHB Martín De Jesús 0-0: Swinging Strike
0-1: Ball
1-1: Ground out 5-3 (Groundball, 5L)
Batting: LHB Bob Ware 0-0: Ball
1-0: Foul Ball, location: 2F
1-1: Ball
2-1: Foul Ball, location: 2F
2-2: Ball
3-2: SINGLE (Flyball, 7LS)
Batting: LHB Brent Alonzo 0-0: Ball
1-0: Foul Ball, location: 2F
1-1: Ball
2-1: Fly out, F8 (Flyball, 78M)
Top of the 2nd over - 0 runs, 1 hit, 0 errors, 1 left on base; So Cal 0 - Kenilworth 2
BOTTOM OF THE 2ND
Kenilworth Aces batting - Pitching for So Cal Bruins : RHP Riley Johnston
Batting: RHB Luis Sánchez 0-0: Called Strike
0-1: Ball
1-1: Ball
2-1: Ball
3-1: SINGLE (Line Drive, 78S)
Batting: LHB Jim Jensen 0-0: Swinging Strike
0-1: Grounds into double play, 6-4-3 (Groundball, 56)
Batting: RHB Taylor McFarland 0-0: Ball
1-0: Called Strike
1-1: Fly out, F8 (Line Drive, 89D)
Bottom of the 2nd over - 0 runs, 1 hit, 0 errors, 0 left on base; So Cal 0 - Kenilworth 2
TOP OF THE 3RD
So Cal Bruins batting - Pitching for Kenilworth Aces : RHP Erwin Entwistle
Batting: LHB Edward Rose 0-0: Fly out, F7 (Flyball, 7S)
Batting: LHB Alberto Varela 0-0: DOUBLE (Line Drive, 7LS)
Batting: RHB Dani Vázquez 0-0: Ball
1-0: Foul Ball, location: 2F
1-1: Called Strike
1-2: Ball
2-2: Fly out, F8 (Flyball, 89D)
Runner from 2nd tags up, SAFE at 3rd, no throw
Batting: LHB Jesús Campos 0-0: Ball
1-0: Foul Ball, location: 2F
1-1: Foul Ball, location: 2F
1-2: Foul Ball, location: 2F
1-2: Fly out, F9 (Flyball, 9LM)
Top of the 3rd over - 0 runs, 1 hit, 0 errors, 1 left on base; So Cal 0 - Kenilworth 2
BOTTOM OF THE 3RD
Kenilworth Aces batting - Pitching for So Cal Bruins : RHP Riley Johnston
Batting: RHB Jorge Jiménez 0-0: Ground out 6-3 (Groundball, 6)
Batting: LHB Santiago Márquez 0-0: SINGLE (Groundball, 34D)
Batting: LHB Barrett Waters 0-0: Foul Ball, location: 2F
0-1: Ball
1-1: Ball
2-1: Foul Ball, location: 2F
2-2: Ball
3-2: Foul Ball, location: 2F
3-2: Foul Ball, location: 2F
3-2: Ground out 4-3 (Groundball, 34)
Santiago Márquez to second
Batting: LHB Roy Patrick 0-0: Called Strike
0-1: Called Strike
0-2: Ball
1-2: Strikes out swinging
Bottom of the 3rd over - 0 runs, 1 hit, 0 errors, 1 left on base; So Cal 0 - Kenilworth 2
TOP OF THE 4TH
So Cal Bruins batting - Pitching for Kenilworth Aces : RHP Erwin Entwistle
Batting: LHB José Antonio Santiago 0-0: Swinging Strike
0-1: Ground out U3 (Groundball, 3)
Batting: RHB Earl Wiggins 0-0: Ball
1-0: Ball
2-0: Foul Ball, location: 2F
2-1: Foul Ball, location: 2F
2-2: Foul Ball, location: 2F
2-2: Foul Ball, location: 2F
2-2: Fly out, F7 (Line Drive, 7D)
Batting: SHB Martín De Jesús 0-0: Called Strike
0-1: Ball
1-1: Ball
2-1: Called Strike
2-2: Strikes out swinging
Top of the 4th over - 0 runs, 0 hits, 0 errors, 0 left on base; So Cal 0 - Kenilworth 2
BOTTOM OF THE 4TH
Kenilworth Aces batting - Pitching for So Cal Bruins : RHP Riley Johnston
Batting: SHB Julián Madrid 0-0: Foul Ball, location: 2F
0-1: Called Strike
0-2: Ball
1-2: Foul Ball, location: 2F
1-2: DOUBLE (Line Drive, 9LS)
Batting: RHB Andrés Lara 0-0: Called Strike
0-1: Ball
1-1: Ball
2-1: Ball
3-1: Base on Balls
Batting: RHB Luis Sánchez 0-0: Ball
1-0: Grounds into double play, 5-4-3 (Groundball, 5)
Julián Madrid to third
Batting: LHB Jim Jensen 0-0: Foul Ball, location: 2F
0-1: Fly out, F8 (Flyball, 78M)
Bottom of the 4th over - 0 runs, 1 hit, 0 errors, 1 left on base; So Cal 0 - Kenilworth 2
TOP OF THE 5TH
So Cal Bruins batting - Pitching for Kenilworth Aces : RHP Erwin Entwistle
Batting: LHB Bob Ware 0-0: Ball
1-0: Swinging Strike
1-1: Ball
2-1: Foul Ball, location: 2F
2-2: Fly out, F6 (Popup, 6)
Batting: LHB Brent Alonzo 0-0: SINGLE (Flyball, 78S)
Batting: LHB Edward Rose 0-0: Called Strike
0-1: Ball
1-1: Swinging Strike
1-2: Fly out, F8 (Flyball, 8LD)
Batting: LHB Alberto Varela 0-0: Swinging Strike
0-1: Called Strike
0-2: Strikes out swinging
Top of the 5th over - 0 runs, 1 hit, 0 errors, 1 left on base; So Cal 0 - Kenilworth 2
BOTTOM OF THE 5TH
Kenilworth Aces batting - Pitching for So Cal Bruins : RHP Riley Johnston
Batting: RHB Taylor McFarland 0-0: Called Strike
0-1: Ground out 6-3 (Groundball, 6)
Batting: RHB Jorge Jiménez 0-0: Ball
1-0: Called Strike
1-1: Fly out, F4 (Popup, 4)
Batting: LHB Santiago Márquez 0-0: Called Strike
0-1: Ball
1-1: Ground out 4-3 (Groundball, 4)
Bottom of the 5th over - 0 runs, 0 hits, 0 errors, 0 left on base; So Cal 0 - Kenilworth 2
TOP OF THE 6TH
So Cal Bruins batting - Pitching for Kenilworth Aces : RHP Erwin Entwistle
Batting: RHB Dani Vázquez 0-0: Swinging Strike
0-1: Ground out 6-3 (Groundball, 6D)
Batting: LHB Jesús Campos 0-0: Foul Ball, location: 2F
0-1: Swinging Strike
0-2: Ball
1-2: Ball
2-2: Ball
3-2: Base on Balls
Batting: LHB José Antonio Santiago 0-0: Swinging Strike
0-1: Fly out, F9 (Flyball, 9LM)
Batting: RHB Earl Wiggins 0-0: Foul Ball, location: 2F
0-1: SINGLE (Groundball, 4MD)
Jesús Campos to second
Batting: SHB Martín De Jesús 0-0: Swinging Strike
0-1: Ball
1-1: SINGLE (Line Drive, 89S)
Jesús Campos to third
Earl Wiggins to second
Runner from 3rd tries for Home, SAFE, no throw
Batting: LHB Bob Ware 0-0: Ball
1-0: Foul Ball, location: 2F
1-1: Foul Ball, location: 2F
1-2: Ball
2-2: Fielders Choice at 2nd, 5-4 (Groundball, 5)
Top of the 6th over - 1 run, 2 hits, 0 errors, 2 left on base; So Cal 1 - Kenilworth 2
BOTTOM OF THE 6TH
Kenilworth Aces batting - Pitching for So Cal Bruins : RHP Riley Johnston
Batting: LHB Barrett Waters 0-0: Called Strike
0-1: Ball
1-1: Ground out 1-3 (Groundball, 13)
Batting: LHB Roy Patrick 0-0: SINGLE (Groundball, 4D)
Batting: SHB Julián Madrid 0-0: Called Strike
0-1: Called Strike
0-2: Ball
1-2: Ball
2-2: Foul Ball, location: 2F
2-2: Foul Ball, location: 2F
2-2: Foul Ball, location: 2F
2-2: Grounds into double play, 4-6-3 (Groundball, 4)
Bottom of the 6th over - 0 runs, 1 hit, 0 errors, 0 left on base; So Cal 1 - Kenilworth 2
TOP OF THE 7TH
So Cal Bruins batting - Pitching for Kenilworth Aces : RHP Erwin Entwistle
Batting: LHB Brent Alonzo 0-0: Ball
1-0: Ground out 6-3 (Groundball, 56)
Batting: LHB Edward Rose 0-0: Called Strike
0-1: Foul Ball, location: 2F
0-2: Foul Ball, location: 2F
0-2: Fly out, F9 (Flyball, 9D)
Batting: LHB Alberto Varela 0-0: Ball
1-0: Swinging Strike
1-1: Foul Ball, location: 2F
1-2: Strikes out swinging
Top of the 7th over - 0 runs, 0 hits, 0 errors, 0 left on base; So Cal 1 - Kenilworth 2
BOTTOM OF THE 7TH
Kenilworth Aces batting - Pitching for So Cal Bruins : RHP Riley Johnston
Batting: RHB Andrés Lara 0-0: Ball
1-0: Fly out, F9 (Flyball, 9)
Batting: RHB Luis Sánchez 0-0: Ball
1-0: Ball
2-0: Swinging Strike
2-1: Fly out, F8 (Flyball, 8RXD)
Batting: LHB Jim Jensen 0-0: Ground out 1-3 (Groundball, 15)
Bottom of the 7th over - 0 runs, 0 hits, 0 errors, 0 left on base; So Cal 1 - Kenilworth 2
TOP OF THE 8TH
So Cal Bruins batting - Pitching for Kenilworth Aces : RHP Erwin Entwistle
Batting: RHB Dani Vázquez 0-0: Ball
1-0: Ball
2-0: Ball
3-0: Called Strike
3-1: Fly out, F7 (Flyball, 7)
Batting: LHB Jesús Campos 0-0: Ball
1-0: Ball
2-0: SINGLE (Flyball, 89S)
Pitching: RHP Scot MacIntosh
Batting: LHB José Antonio Santiago 0-0: Ball
1-0: Ball
2-0: Ball
3-0: Foul Ball, location: 2F
3-1: Base on Balls
Jesús Campos to second
Batting: RHB Earl Wiggins 0-0: Ball
1-0: Ball
2-0: Fielders Choice at 2nd, 1-4 (Groundball, 15)
Jesús Campos to third
Batting: SHB Martín De Jesús 0-0: Swinging Strike
0-1: Ball
1-1: SINGLE (Groundball, 6MD)
Jesús Campos scores
Earl Wiggins to second
Batting: LHB Bob Ware 0-0: Foul Ball, location: 2F
0-1: SINGLE (Line Drive, 34D)
Earl Wiggins to third
Martín De Jesús to second
Runner from 3rd tries for Home, SAFE, throw made home
Batting: LHB Brent Alonzo 0-0: Called Strike
0-1: Foul Ball, location: 2F
0-2: DOUBLE (Line Drive, 7D)
Martín De Jesús scores
Bob Ware to third
Runner from 3rd tries for Home, SAFE, no throw
Pitching: RHP Bartolo García
Batting: LHB Edward Rose 0-0: Called Strike
0-1: Ground out 4-3 (Groundball, 4S)
Top of the 8th over - 4 runs, 4 hits, 0 errors, 1 left on base; So Cal 5 - Kenilworth 2
BOTTOM OF THE 8TH
Kenilworth Aces batting - Pitching for So Cal Bruins : RHP Riley Johnston
Pitching: RHP Marty Burgess
Batting: RHB Taylor McFarland 0-0: Ground out 4-3 (Groundball, 4)
Batting: RHB Jorge Jiménez 0-0: Swinging Strike
0-1: Foul Ball, location: 2F
0-2: Ball
1-2: Ground out 4-3 (Groundball, 4)
Batting: LHB Santiago Márquez 0-0: Called Strike
0-1: Ball
1-1: Called Strike
1-2: Ball
2-2: Strikes out swinging
Bottom of the 8th over - 0 runs, 0 hits, 0 errors, 0 left on base; So Cal 5 - Kenilworth 2
TOP OF THE 9TH
So Cal Bruins batting - Pitching for Kenilworth Aces : RHP Bartolo García
Pitching: RHP Robinson Gonzáles
Batting: LHB Alberto Varela 0-0: Ball
1-0: Ball
2-0: Called Strike
2-1: Ground out 6-3 (Groundball, 56D)
Batting: RHB Dani Vázquez 0-0: Ball
1-0: Ball
2-0: SINGLE (Groundball, 34S) (infield hit)
Batting: LHB Jesús Campos 0-0: Ball
1-0: Ground out 4-3 (Groundball, 34)
Dani Vázquez to second
Batting: LHB José Antonio Santiago 0-0: Called Strike
0-1: Ball
1-1: Fly out, F9 (Flyball, 89S)
Top of the 9th over - 0 runs, 1 hit, 0 errors, 1 left on base; So Cal 5 - Kenilworth 2
BOTTOM OF THE 9TH
Kenilworth Aces batting - Pitching for So Cal Bruins : RHP Marty Burgess
Batting: LHB Barrett Waters 0-0: Ball
1-0: Ball
2-0: Ball
3-0: Called Strike
3-1: Called Strike
3-2: Base on Balls
Batting: LHB Roy Patrick 0-0: Ball
1-0: Foul Ball, location: 2F
1-1: Ball
2-1: Foul Ball, location: 2F
2-2: Fly out, F8 (Flyball, 8RD)
Batting: SHB Julián Madrid 0-0: Ball
1-0: Called Strike
1-1: Fly out, F8 (Flyball, 8RM)
Batting: RHB Andrés Lara 0-0: Ball
1-0: Called Strike
1-1: Ground out 4-3 (Groundball, 34)
Bottom of the 9th over - 0 runs, 0 hits, 0 errors, 1 left on base; So Cal 5 - Kenilworth 2
Saturday, April 7th, 2018 - OOTP Baseball 18.8 Build 76